 Dungeon Crawl Stone Soup version 0.25-a0-435-g4b9beb1024 (webtiles) character file.

Game seed: 10665400699566057086, levelgen mode: deterministic

183 kae the Ruffian (level 5, -10/41 HPs)
             Began as a Ghoul Gladiator on Jan 29, 2020.
             Mangled by an orc warrior
             ... wielding a +0 war axe
              (15 damage)
             ... on level 6 of the Dungeon.
             The game lasted 00:02:53 (2349 turns).

kae the Ruffian (Ghoul Gladiator)                   Turns: 2349, Time: 00:02:54

Health: -10/41     AC:  4    Str: 18    XL:     5   Next: 62%
Magic:  4/4        EV: 18    Int:  8    God:
Gold:   150        SH:  0    Dex: 16    Spells: 4/4 levels left

rFire    . . .     SeeInvis .     - Unarmed
rCold    + . .     Gourm    .   (no shield)
rNeg     + + +     Faith    .   a - +0 leather armour
rPois    ∞         Spirit   .   b - +0 helmet
rElec    .         Reflect  .   (no cloak)
rCorr    .         Harm     .   (no gloves)
MR       .....                  (no boots)
Stlth    ++........             (no amulet)
HPRegen  0.00/turn              (no ring)
MPRegen  0.09/turn              (no ring)

@: brilliant, agile, flying, rotting, hasted, very quick
A: rotting body, claws 1, carnivore, cold resistance 1, negative energy
resistance 3, inhibited regeneration, torment resistance, unbreathing
a: no special abilities


You were on level 6 of the Dungeon.
You were not hungry.

You visited 1 branch of the dungeon, and saw 4 of its levels.

You collected 150 gold pieces.

Inventory:

Missiles
 c - 3 throwing nets (quivered)
Armour
 a - a +0 leather armour (worn)
 b - a +0 helmet (worn)
Scrolls
 m - a scroll of identify
Potions
 g - a potion of degeneration
 l - a potion of agility
Comestibles
 d - 7 rations
 k - 3 chunks of flesh


   Skills:
 - Level 2.2 Fighting
 - Level 1.8 Throwing
 - Level 2.7 Dodging
 + Level 6.6 Unarmed Combat


You had 4 spell levels left.
You didn't know any spells.
Your spell library contained the following spells:

 Spells                   Type           Power        Failure   Level  Hunger
 Animate Skeleton         Necr           N/A          6%          1    ##.....
 Apportation              Tloc           #.....       6%          1    ##.....
 Corona                   Hex            #......      6%          1    ##.....
 Summon Small Mammal      Summ           #...         6%          1    ##.....


Dungeon Overview and Level Annotations

Branches:
Dungeon (3/15)

Altars:
Sif Muna


Innate Abilities, Weirdness & Mutations

Your body is rotting away.
You thrive on raw meat.
You are immune to poison.
You have sharp fingernails.
You are carnivorous and can eat meat at any time.
Your flesh is cold resistant. (rC+)
You are immune to negative energy. (rN+++)
You do not regenerate when monsters are visible.
You are immune to unholy pain and torment.
You can survive without breathing.


Message History

* * * LOW HITPOINT WARNING * * *
You barely miss the orc warrior.
The orc warrior is heavily wounded.
The orc wizard gestures wildly while chanting.
The orc wizard blinks!
You scratch the orc warrior but do no damage.
The orc warrior is heavily wounded.
The orc warrior misses you.
You barely miss the orc warrior. Your claw misses the orc warrior.
The orc warrior is heavily wounded.
The orc warrior hits you but does no damage.
You feel better. The orc warrior misses you.
You feel yourself speed up.
The orc wizard points at you and mumbles some strange words.
The magic dart hits you!
* * * LOW HITPOINT WARNING * * *
You closely miss the orc warrior.
The orc warrior is heavily wounded.
The orc warrior hits you with a +0 war axe!
You die...

#.....#.....#
#.....#.....#
#.....#.....#
#.....#.....#
#.....#.....#
#.....#.....#
#.o...#
#+#######.....#
#......÷@o....#
#.......#.....#
#......##.....#
#......##.....#
...##......##.....#
...........#......#
...........#......#
...........#......#
...##......##(....#


You could see an orc warrior and an orc wizard.

Vanquished Creatures
  An orc priest (D:6)
  4 gnolls
  2 adders
  A worm (D:3)
  3 dart slugs
  2 leopard geckos
  9 orcs
  9 goblins
  5 hobgoblins
  10 jackals
  2 quokkas
  A ball python (D:1)
  9 bats
  2 frilled lizards
  A giant cockroach zombie (D:6)
  5 kobolds
  8 rats
74 creatures vanquished.

Notes
Turn   | Place    | Note
-------+----------+-------------------------------------------
     0 | D:1      | kae the Ghoul Gladiator began the quest for the Orb.
     0 | D:1      | Reached XP level 1. HP: 17/17 MP: 0/0
   340 | D:1      | Reached XP level 2. HP: 24/24 MP: 1/1
   465 | D:1      | Reached skill level 4 in Unarmed Combat
   467 | D:1      | Reached XP level 3. HP: 9/29 MP: 2/2
  1103 | D:2      | Reached skill level 5 in Unarmed Combat
  1142 | D:2      | Found a shimmering blue altar of Sif Muna.
  1309 | D:2      | Reached XP level 4. HP: 30/36 MP: 3/3
  1842 | D:3      | Reached XP level 5. HP: 2/41 MP: 4/4
  1872 | D:3      | Reached skill level 6 in Unarmed Combat
  2234 | D:3      | You fall into a shaft and drop 3 floors!
  2282 | D:6      | Noticed an orc warrior
  2349 | D:6      | Mangled by an orc warrior

Levels and vault maps discovered:
D:1:      lightli_arrival_noodles, layout_basic, minmay_stone_trees_small,
          minmay_misc_feat_ornament, minmay_tetromino_i2
D:2:      layout_loops_ring, led_sif_pool, first_ration
D:3:      layout_loops_cross
D:6:      layout_gridville, minmay_temple_entry_waves, uniq_eustachio

Skill      XL: |  1  2  3  4  5 |
---------------+----------------+-----
Unarmed Combat | 4 5 6 |  6.6
Fighting       | |  2.2
Throwing       | |  1.8
Dodging        | |  2.7

Action                   |  1- 3 |  4- 6 || total
-------------------------+-------+-------++-------
Melee: Unarmed           |    90 |   164 ||   254
       Punch             |     1 |     7 ||     8
  Use: Scroll            |       |     8 ||     8
       Potion            |       |     6 ||     6
  Eat: Chunk             |     6 |    25 ||    31
Armor: Leather armour    |    26 |    44 ||    70
Dodge: Dodged            |    52 |   111 ||   163

Table legend:
 A = Non-vault XP
 B = Vault XP
 C = Vault XP percentage of total XP
 D = Non-vault monster count
 E = Vault monster count
 F = Vault count percentage of total count
                 A         B        C        D         E       F
            +---------+---------+-------+---------+---------+-------
      Total |     260 |       2 |   0.8 |      72 |       2 |   2.7
            +---------+---------+-------+---------+---------+-------
        D:1 |      41 |       2 |   4.7 |      16 |       2 |  11.1
        D:2 |      63 |       0 |   0.0 |      28 |       0 |   0.0
        D:3 |     100 |       0 |   0.0 |      22 |       0 |   0.0
        D:6 |      56 |       0 |   0.0 |       6 |       0 |   0.0
            +---------+---------+-------+---------+---------+-------
